 Dungeon Crawl Stone Soup version 0.30-a0-920-g7493c07aab (webtiles) character file.

Game seed: 12990657832890439780

58 limecruiser the Sneak (level 3, -2/13 (17) HPs)
             Began as a Felid Monk on Mar 22, 2023.
             Slain by an orc
             ... wielding a +1 short sword of speed
              (4 damage)
             ... on level 3 of the Dungeon.
             The game lasted 00:13:15 (2171 turns).

limecruiser the Sneak (Felid Monk)                  Turns: 2171, Time: 00:13:16

HP:   -2/13 (17)    AC:  1    Str:  9    XL:     3   Next: 75%
MP:   4/4           EV: 19    Int: 11    God:
Gold: 144           SH:  0    Dex: 18    Spells: 2/2 levels left
                                        Lives: 0   Deaths: 1

rFire   . . .      SeeInvis +      - Unarmed
rCold   . . .      Faith    .    (shield unavailable)
rNeg    . . .      Spirit   .    (body armour unavailable)
rPois   .          Reflect  .    (helmet unavailable)
rElec   .          Rampage  .    (cloak unavailable)
rCorr   .                        (gloves unavailable)
Will    .....                    (boots unavailable)
Stlth   +++                      (no amulet)
HPRegen 0.22/turn                (no ring)
MPRegen 0.09/turn                (no ring)

@: heavily drained, quick
A: very small, claws 1, fangs 3, see invisible, speed 1, shaggy fur 1, stealthy
paws, no weapons or thrown items, no armour, multi-lived
a: no special abilities


You were on level 3 of the Dungeon.
You visited 1 branch of the dungeon, and saw 4 of its levels.

You collected 144 gold pieces.

Inventory:

Jewellery
 g - an amulet of the acrobat
 h - an amulet of reflection
Scrolls
 e - a scroll of magic mapping
 f - a scroll of silence {unknown}
 j - a scroll of blinking {unknown}
 l - a scroll of torment {unknown}
 m - a scroll of immolation {unknown}
 n - a scroll of brand weapon {unknown}
Potions
 a - a potion of ambrosia
 b - a potion of flight
 d - a potion of heal wounds {unknown}
 i - 2 potions of attraction
 k - a potion of lignification {unknown}


   Skills:
 - Level 3.3 Fighting
 - Level 4.4 Dodging
 * Level 6.2 Stealth
 - Level 3.2 Unarmed Combat


You had 2 spell levels left.
You didn't know any spells.
Your spell library contained the following spells:

 Spells                   Type           Power      Damage    Failure   Level
 Shock                    Conj/Air       0%         1d3       34%         1
 Inner Flame              Hex/Fire       0%         N/A       71%         3
 Swiftness                Air            0%         N/A       71%         3
 Airstrike                Air            0%         2d(0-16)  98%         4
 Cause Fear               Hex            0%         N/A       98%         4
 Discord                  Hex            0%         N/A       100%        8


Dungeon Overview and Level Annotations

Branches:
Dungeon (4/15)
 Temple: D:4-7

Altars:
Hepliaklqana
Makhleb

Shops:
D:3 =


Innate Abilities, Weirdness & Mutations

You have sharp claws.
You have razor-sharp teeth.
You have supernaturally acute eyesight. (SInv)
You cover ground quickly. (Speed+)
You are covered in fur. (AC +1)
Your paws help you pounce on unaware monsters.
You are incapable of wielding weapons or throwing items.
You cannot wear armour.
You gain extra lives every three experience levels.


Message History

Found 10 gold pieces.
There is a stone staircase leading up here.
The helpless orc fails to defend itself.
You mangle the orc!!
You kill the orc!
The orc wizard shouts!
The orc shouts! x2
The orc wizard gestures at you while chanting.
You are confused.
In your confused state, you trip and fall back down the stairs.
The orc barely misses you. The orc misses you.
You climb upwards.
There is a stone staircase leading down here.
The orc misses you.
The orc hits you with a +2 dagger of draining.
You feel drained.
You feel less confused. The orc completely misses you.
You scratch the orc but do no damage. Your bite misses the orc.
The orc closely misses you. x2
You barely miss the orc. The orc barely misses you. The orc misses you. x2
You scratch the orc.
The orc is moderately wounded.
The orc closely misses you.
The orc hits you with a +2 dagger of draining.
You feel drained.
You barely miss the orc.
The orc is lightly wounded.
The orc closely misses you. x2
The orc hits you with a +1 short sword of speed.
* * * LOW HITPOINT WARNING * * *
You scratch the scorpion but do no damage.
The scorpion stings you!
Ouch! That really hurt!
* * * LOW HITPOINT WARNING * * *
As you read the scroll labelled BAKUTILUTI, it crumbles to dust.
The scroll dissolves into smoke.
It was a scroll of fog.
The scorpion misses you. The orc closely misses you.
The orc hits you with a +1 short sword of speed.
You die...

##..####...##.#....##
##..## #...##..###... #..##
##.#.###.######
############.##
#..#...#.o## #
#...∩........#
##.####>.#..###
#...........## #..#
##.##...# #...........#
##§## #.####.##
#...........#####o§# #.#
#..# ##..s†..##....##@§##
#.# ##.. #...._.#####.##s##
#.# ### #......# #.##§# #.#
# #>.....# #..#§# #.#### #
#......# ##.§§# #....# #
#......# #..### ####.# #
######## #....### #.## #
##.#...###### #..###
########..###......####..#.


You could see a scorpion and an orc.

Vanquished Creatures
  Crazy Yiuf (D:2)
  3 adders
  A worm (D:2)
  A dart slug (D:1)
  2 orcs
  3 bats
  8 endoplasms
  2 giant cockroaches
  2 goblins
  6 hobgoblins
  3 jackals (D:1)
  4 kobolds
  2 quokkas (D:1)
  8 ball pythons
  3 frilled lizards
  5 rats
54 creatures vanquished.

Notes
Turn   | Place    | Note
-------+----------+-------------------------------------------
     0 | D:1      | limecruiser the Felid Monk began the quest for the Orb.
     0 | D:1      | Reached XP level 1. HP: 10/10 MP: 2/2
    25 | D:1      | Reached skill level 3 in Stealth
    36 | D:1      | Reached XP level 2. HP: 12/14 MP: 3/3
   345 | D:1      | Reached XP level 3. HP: 17/17 MP: 4/4
   631 | D:2      | Reached skill level 4 in Stealth
  1032 | D:2      | Found a runed translucent door.
  1033 | D:2      | Noticed Crazy Yiuf
  1040 | D:2      | Killed Crazy Yiuf
  1041 | D:2      | Reached skill level 5 in Stealth
  1041 | D:2      | Reached XP level 4. HP: 21/21 MP: 5/5
  1131 | D:2      | Found a burning altar of Makhleb.
  1530 | D:3      | Found a faded altar of an unknown god.
  1532 | D:3      | Found Tiet's Jewellery Shoppe.
  1567 | D:3      | Reached skill level 6 in Stealth
  1979 | D:3      | Found a hazy altar of Hepliaklqana.
  2093 | D:4      | Noticed a scorpion
  2108 | D:3      | HP: 1/21 [poisoned by a scorpion]
  2109 | D:3      | Succumbed to a scorpion's poison
  2110 | D:3      | Reached XP level 3. HP: 0/17 MP: 4/4
  2171 | D:3      | Slain by an orc

Illustrated notes

Levels and vault maps discovered:
D:1:      grunt_arrival_lava_bath, layout_basic, minivault_26,
          chequers_serial_rivers_micro_d, minmay_misc_feat_alley
D:2:      kennysheep_big_flooded_room, layout_basic, basic_altar,
          uniq_crazy_yiuf_cottage
D:3:      layout_rooms, worldfamousw_hep_ancestral_shrine, serial_shops, shop,
          basic_ecumenical_altar
D:4:      corexii_shantytown, layout_cave_pods,
          mainiacjoe_overflow_catwalk_spiral

Skill      XL: |  1  2  3  4 |
---------------+-------------+-----
Stealth        | 3 5 6 |  6.2
Fighting       | |  3.3
Dodging        | |  4.4
Unarmed Combat | |  3.2

Action                     |  1- 3 |  4- 6 || total
---------------------------+-------+-------++-------
  Melee: Unarmed           |    78 |    56 ||   134
         Bite              |     6 |     2 ||     8
    Use: Scroll            |     3 |     2 ||     5
         Potion            |       |     2 ||     2
   Stab: Sleeping          |    13 |     8 ||    21
 Armour: Skin              |     5 |       ||     5
  Dodge: Dodged            |    63 |    43 ||   106

Table legend: (Time is in decaauts)
 A = Elapsed time spent in this place.
 B = Non-inter-level travel time spent in this place.
 C = Inter-level travel time spent in this place.
 D = Time resting spent in this place.
 E = Time spent auto-exploring this place.
 F = Levels seen in this place.
 G = Mean time per level.
                   A        B        C        D        E       F      G
               +--------+--------+--------+--------+--------+-----+--------+
         Total |   1844 |   1799 |     45 |    306 |    702 |   4 |  461.0 |
       Dungeon |   1844 |   1799 |     45 |    306 |    702 |   4 |  461.0 |
               +--------+--------+--------+--------+--------+-----+--------+

Top non-repeatable levels by time:
     D:2: 694 daAuts
     D:3: 669 daAuts
     D:1: 465 daAuts
     D:4: 15 daAuts
